BSA
KALAMAZOO ROYALE WITH CHEESE @ ST CHARLES SHEENS
07/27/2027
 
TOP OF THE 1ST
Kalamazoo Royale with Cheese batting - Pitching for St Charles Sheens : LHP Paul Adams
Pitching: LHP Paul Adams
Batting: RHB Pedro Rosado 0-0: Called Strike
0-1: Called Strike
0-2: Foul Ball, location: 2F
0-2: Foul Ball, location: 2F
0-2: Ball
1-2: Foul Ball, location: 2F
1-2: Strikes out looking
Batting: RHB Oliver Lugo 0-0: Ground out 1-3 (Groundball, P)
Batting: RHB Miguel Encarnación 0-0: Called Strike
0-1: Ball
1-1: Swinging Strike
1-2: Ball
2-2: Foul Ball, location: 2F
2-2: Ground out 5-3 (Groundball, 5S)
Top of the 1st over - 0 run(s), 0 hit(s), 0 error(s), 0 left on base; Kalamazoo 0 - St Charles 0
BOTTOM OF THE 1ST
St Charles Sheens batting - Pitching for Kalamazoo Royale with Cheese : RHP Enrique Aguilera
Pitching: RHP Enrique Aguilera
Batting: RHB Jesús Hernández 0-0: Foul Ball, location: 2F
0-1: Ball
1-1: Ball
2-1: DOUBLE (Line Drive, 7LM)
Batting: RHB Max Rash 0-0: Ball
1-0: SINGLE (Groundball, 6MD)
Jesús Hernández to third
Runner from 3rd tries for Home, SAFE, no throw
Batting: LHB Larry Howard 0-0: Called Strike
0-1: Foul Ball, location: 2F
0-2: Ball
Wild Pitch!
Max Rash to second
1-2: Strikes out swinging
Batting: LHB Stan Bates 0-0: Fly out, F8 (Flyball, 8LM)
Batting: LHB Marcos Cantú 0-0: Ball
1-0: Ground out 4-3 (Groundball, 4)
Bottom of the 1st over - 1 run(s), 2 hit(s), 0 error(s), 1 left on base; Kalamazoo 0 - St Charles 1
TOP OF THE 2ND
Kalamazoo Royale with Cheese batting - Pitching for St Charles Sheens : LHP Paul Adams
Batting: LHB Robinson Fernández 0-0: Called Strike
0-1: Called Strike
0-2: Ground out U3 (Groundball, 3S)
Batting: RHB Andy Aiton 0-0: Called Strike
0-1: Called Strike
0-2: Strikes out swinging
Batting: LHB Al Mills 0-0: SOLO HOME RUN (Flyball, 8RXD), Distance : 458 ft
Batting: RHB Run-ming Zhu 0-0: Fly out, F5 (Popup, 5L)
Top of the 2nd over - 1 run(s), 1 hit(s), 0 error(s), 0 left on base; Kalamazoo 1 - St Charles 1
BOTTOM OF THE 2ND
St Charles Sheens batting - Pitching for Kalamazoo Royale with Cheese : RHP Enrique Aguilera
Batting: LHB Juan Jose Rojas 0-0: Called Strike
0-1: Called Strike
0-2: SINGLE (Line Drive, 9S)
Batting: LHB Gene Cooper 0-0: Ball
1-0: Foul Ball, location: 2F
1-1: Called Strike
1-2: SINGLE (Groundball, 4MD)
Juan Jose Rojas to second
Batting: RHB Dan Tyler 0-0: Called Strike
0-1: Ball
1-1: SINGLE (Groundball, 56D)
Juan Jose Rojas to third
Gene Cooper to second
Runner from 3rd tries for Home, SAFE, throw made home
Gene Cooper to third
Dan Tyler to second
Batting: RHB Kel Pierce 0-0: Ball
1-0: Ball
2-0: Foul Ball, location: 2F
2-1: Swinging Strike
2-2: Ball
3-2: Strikes out swinging
Batting: RHB Jesús Hernández 0-0: Called Strike
0-1: SINGLE (Line Drive, 4D)
Gene Cooper scores
Dan Tyler to third
Runner from 3rd tries for Home, throw and OUT!
Jesús Hernández to second
Batting: RHB Max Rash 0-0: Fly out, F4 (Popup, 4)
Bottom of the 2nd over - 2 run(s), 4 hit(s), 0 error(s), 1 left on base; Kalamazoo 1 - St Charles 3
TOP OF THE 3RD
Kalamazoo Royale with Cheese batting - Pitching for St Charles Sheens : LHP Paul Adams
Batting: LHB António Glaviz 0-0: Foul Ball, location: 2F
0-1: Ball
1-1: Fly out, F8 (Flyball, 8RS)
Batting: SHB Bob Noble 0-0: Ball
1-0: Fly out, F7 (Flyball, 78S)
Batting: RHB Pedro Rosado 0-0: Called Strike
0-1: Swinging Strike
0-2: Ball
1-2: Ground out 5-3 (Groundball, 56S)
Top of the 3rd over - 0 run(s), 0 hit(s), 0 error(s), 0 left on base; Kalamazoo 1 - St Charles 3
BOTTOM OF THE 3RD
St Charles Sheens batting - Pitching for Kalamazoo Royale with Cheese : RHP Enrique Aguilera
Batting: LHB Larry Howard 0-0: Called Strike
0-1: Ball
1-1: Foul Ball, location: 2F
1-2: Ball
2-2: Ball
3-2: SINGLE (Groundball, 56D)
Batting: LHB Stan Bates 0-0: Ball
1-0: Called Strike
1-1: Foul Ball, location: 2F
1-2: Ball
2-2: Ball
3-2: Foul Ball, location: 2F
3-2: Base on Balls
Larry Howard to second
Batting: LHB Marcos Cantú 0-0: Fly out, F9 (Line Drive, 9D)
Runner from 2nd tags up, SAFE at 3rd, no throw
Batting: LHB Juan Jose Rojas 0-0: Ball
1-0: Ball
2-0: Foul Ball, location: 2F
2-1: Ball
3-1: Foul Ball, location: 2F
3-2: Base on Balls
Stan Bates to second
Batting: LHB Gene Cooper 0-0: Foul Ball, location: 2F
0-1: Ball
1-1: Ball
2-1: Ground out 3-1 (Groundball, 34S)
Larry Howard scores
Stan Bates to third
Juan Jose Rojas to second
Batting: RHB Dan Tyler 0-0: Called Strike
0-1: Ball
1-1: Ball
2-1: Swinging Strike
2-2: Strikes out swinging
Bottom of the 3rd over - 1 run(s), 1 hit(s), 0 error(s), 2 left on base; Kalamazoo 1 - St Charles 4
TOP OF THE 4TH
Kalamazoo Royale with Cheese batting - Pitching for St Charles Sheens : LHP Paul Adams
Batting: RHB Oliver Lugo 0-0: Ball
1-0: Swinging Strike
1-1: Ball
2-1: Ball
3-1: Called Strike
3-2: Base on Balls
Batting: RHB Miguel Encarnación 0-0: Ball
1-0: Ball
2-0: Ball
3-0: Base on Balls
Oliver Lugo to second
Batting: LHB Robinson Fernández 0-0: Ball
1-0: Called Strike
1-1: Swinging Strike
1-2: Ball
2-2: Ball
3-2: Base on Balls
Oliver Lugo to third
Miguel Encarnación to second
Batting: RHB Andy Aiton 0-0: Ball
1-0: Ball
2-0: Foul Ball, location: 2F
2-1: Called Strike
2-2: Ball
3-2: Fielders Choice at 2nd, 6-4 (Groundball, 56)
Oliver Lugo scores
Miguel Encarnación to third
Batting: LHB Al Mills 0-0: Called Strike
0-1: Ball
1-1: Ball
2-1: Foul Ball, location: 2F
2-2: Ball
3-2: Foul Ball, location: 2F
3-2: Foul Ball, location: 2F
3-2: Strikes out looking
Batting: RHB Run-ming Zhu 0-0: Ball
1-0: Swinging Strike
1-1: Ball
2-1: SINGLE (Flyball, 7S)
Miguel Encarnación scores
Andy Aiton to second
Batting: LHB António Glaviz 0-0: Ball
1-0: Called Strike
1-1: Ball
2-1: Reached via error on a dropped throw, E1
Andy Aiton to third
Run-ming Zhu to second
Batting: SHB Bob Noble 0-0: Ball
1-0: DOUBLE (Groundball, 5L)
Andy Aiton scores
Run-ming Zhu scores
António Glaviz to third
Runner from 3rd tries for Home, SAFE, no throw
Batting: RHB Pedro Rosado 0-0: Ball
1-0: Swinging Strike
1-1: Foul Ball, location: 2F
1-2: Foul Ball, location: 2F
1-2: Ball
2-2: Ball
3-2: Foul Ball, location: 2F
3-2: Fly out, F5 (Line Drive, 5S)
Top of the 4th over - 5 run(s), 2 hit(s), 1 error(s), 1 left on base; Kalamazoo 6 - St Charles 4
BOTTOM OF THE 4TH
St Charles Sheens batting - Pitching for Kalamazoo Royale with Cheese : RHP Enrique Aguilera
Batting: RHB Kel Pierce 0-0: Called Strike
0-1: Foul Ball, location: 2F
0-2: Ball
1-2: SINGLE (Line Drive, 7S)
Batting: RHB Jesús Hernández 0-0: Ball
1-0: Ball
2-0: Ball
3-0: Called Strike
3-1: Fly out, F5 (Popup, 15)
Batting: RHB Max Rash 0-0: Ball
1-0: Ball
2-0: Ball
3-0: Called Strike
3-1: Fly out, F3 (Popup, 3S)
Batting: LHB Larry Howard 0-0: SINGLE (Groundball, 34D)
Kel Pierce to second
Kel Pierce to third
Batting: LHB Stan Bates 0-0: Ball
1-0: Fly out, F8 (Flyball, 78D)
Bottom of the 4th over - 0 run(s), 2 hit(s), 0 error(s), 2 left on base; Kalamazoo 6 - St Charles 4
TOP OF THE 5TH
Kalamazoo Royale with Cheese batting - Pitching for St Charles Sheens : LHP Paul Adams
Pitching: LHP Ron Cummins
Batting: RHB Oliver Lugo 0-0: Foul Ball, location: 2F
0-1: DOUBLE (Flyball, 8LXD)
Batting: RHB Miguel Encarnación 0-0: Intentional Walk
Batting: LHB Robinson Fernández 0-0: Ball
1-0: Called Strike
1-1: Called Strike
1-2: Grounds into double play, 6-4-3 (Groundball, 6)
Oliver Lugo to third
Batting: RHB Andy Aiton 0-0: Ball
1-0: Ball
2-0: Called Strike
2-1: Foul Ball, location: 2F
2-2: Foul Ball, location: 2F
2-2: Foul Ball, location: 2F
2-2: Ball
3-2: Base on Balls
Batting: LHB Al Mills 0-0: Ball
1-0: Swinging Strike
1-1: Ball
2-1: Foul Ball, location: 2F
2-2: Ball
3-2: Foul Ball, location: 2F
3-2: Foul Ball, location: 2F
3-2: Foul Ball, location: 2F
3-2: Base on Balls
Andy Aiton to second
Batting: RHB Run-ming Zhu 0-0: Ball
1-0: Foul Ball, location: 2F
1-1: Ball
2-1: Swinging Strike
2-2: Fielders Choice at 2nd, 5-4 (Groundball, 56)
Top of the 5th over - 0 run(s), 1 hit(s), 0 error(s), 2 left on base; Kalamazoo 6 - St Charles 4
BOTTOM OF THE 5TH
St Charles Sheens batting - Pitching for Kalamazoo Royale with Cheese : RHP Enrique Aguilera
Batting: LHB Marcos Cantú 0-0: Called Strike
0-1: Ball
1-1: Ball
2-1: Ball
3-1: Base on Balls
Batting: LHB Juan Jose Rojas 0-0: Ball
1-0: Ball
2-0: Called Strike
2-1: Foul Ball, location: 2F
2-2: Ball
3-2: DOUBLE (Flyball, 5D)
Marcos Cantú to third
Runner from 3rd tries for Home, SAFE, no throw
Batting: LHB Gene Cooper 0-0: Fly out, F5 (Popup, 5S)
Batting: RHB Dan Tyler 0-0: Ball
1-0: Foul Ball, location: 2F
1-1: Foul Ball, location: 2F
1-2: Fly out, F9 (Flyball, 89XD)
Runner from 2nd tags up, SAFE at 3rd, no throw
Batting: RHB Kel Pierce 0-0: Foul Ball, location: 2F
0-1: Ball
1-1: Ground out 6-3 (Groundball, 6)
Bottom of the 5th over - 1 run(s), 1 hit(s), 0 error(s), 1 left on base; Kalamazoo 6 - St Charles 5
TOP OF THE 6TH
Kalamazoo Royale with Cheese batting - Pitching for St Charles Sheens : LHP Ron Cummins
Batting: LHB António Glaviz 0-0: Ground out U3 (Groundball, 23)
Batting: SHB Bob Noble 0-0: SINGLE (Flyball, 8LS)
Batting: RHB Pedro Rosado 0-0: Foul Ball, location: 2F
0-1: Called Strike
0-2: Ball
1-2: Strikes out swinging
Batting: RHB Oliver Lugo 0-0: Called Strike
0-1: Ball
1-1: Foul Ball, location: 2F
1-2: Foul Ball, location: 2F
1-2: Ball
2-2: Foul Ball, location: 2F
2-2: Foul Ball, location: 2F
2-2: Ball
Bob Noble is caught stealing 2nd base
Top of the 6th over - 0 run(s), 1 hit(s), 0 error(s), 0 left on base; Kalamazoo 6 - St Charles 5
BOTTOM OF THE 6TH
St Charles Sheens batting - Pitching for Kalamazoo Royale with Cheese : RHP Enrique Aguilera
Pitching: RHP António Ojeda
Batting: RHB Jesús Hernández 0-0: Called Strike
0-1: Ball
1-1: Ball
2-1: Fly out, F8 (Line Drive, 8LXD)
Batting: RHB Max Rash 0-0: Ball
1-0: Swinging Strike
1-1: Swinging Strike
1-2: Foul Ball, location: 2F
1-2: Ball
2-2: Strikes out swinging
Batting: LHB Larry Howard 0-0: Ball
1-0: SOLO HOME RUN (Flyball, 7D), Distance : 396 ft
Batting: LHB Stan Bates 0-0: Ball
1-0: Swinging Strike
1-1: Ball
2-1: Fly out, F7 (Flyball, 78M)
Bottom of the 6th over - 1 run(s), 1 hit(s), 0 error(s), 0 left on base; Kalamazoo 6 - St Charles 6
TOP OF THE 7TH
Kalamazoo Royale with Cheese batting - Pitching for St Charles Sheens : LHP Ron Cummins
Batting: RHB Oliver Lugo 0-0: Called Strike
0-1: Ball
1-1: Ball
2-1: Swinging Strike
2-2: Ball
3-2: Strikes out looking
Batting: RHB Miguel Encarnación 0-0: Ball
1-0: Ball
2-0: Foul Ball, location: 2F
2-1: Foul Ball, location: 2F
2-2: Ball
3-2: SINGLE (Groundball, 6D)
Pitching: RHP Larry Stewart
Batting: LHB Robinson Fernández 0-0: Ball
1-0: Ball
2-0: Called Strike
2-1: DOUBLE (Groundball, 3L)
Miguel Encarnación to third
Pinch Hitting: LHB Bill McJannett 0-0: Intentional Walk
Batting: LHB Al Mills 0-0: Ball
1-0: Foul Ball, location: 2F
1-1: Ball
2-1: Swinging Strike
2-2: Ball
3-2: Foul Ball, location: 2F
3-2: Foul Ball, location: 2F
3-2: SINGLE (Flyball, 8RS)
Miguel Encarnación scores
Robinson Fernández to third
Bill McJannett to second
Batting: RHB Run-ming Zhu 0-0: Ball
1-0: Ball
2-0: Foul Ball, location: 2F
2-1: Ball
3-1: Foul Ball, location: 2F
3-2: SINGLE (Groundball, 6MD)
Robinson Fernández scores
Bill McJannett to third
Al Mills to second
Runner from 3rd tries for Home, SAFE, throw made home
Al Mills to third
Run-ming Zhu to second
Batting: LHB António Glaviz 0-0: Intentional Walk
Pinch Hitting: RHB Alfredo Cortéz 0-0: Ball
1-0: Swinging Strike
1-1: Ball
2-1: Ball
3-1: Grounds into fielders choice 6-2 (Groundball, 6S)
Run-ming Zhu to third
António Glaviz to second
Batting: RHB Pedro Rosado 0-0: Ball
1-0: Ground out 6-3 (Groundball, 6S)
Top of the 7th over - 3 run(s), 4 hit(s), 0 error(s), 3 left on base; Kalamazoo 9 - St Charles 6
BOTTOM OF THE 7TH
St Charles Sheens batting - Pitching for Kalamazoo Royale with Cheese : RHP António Ojeda
Now at 2B: Roberto Sandoval
Now at SS: Alfredo Cortéz
Batting: LHB Marcos Cantú 0-0: Ball
1-0: Ball
2-0: Called Strike
2-1: Ball
3-1: Foul Ball, location: 2F
3-2: Strikes out swinging
Batting: LHB Juan Jose Rojas 0-0: Swinging Strike
0-1: Ball
1-1: Ground out 4-3 (Groundball, 4)
Batting: LHB Gene Cooper 0-0: Ball
1-0: Ball
2-0: Ball
3-0: Base on Balls
Batting: RHB Dan Tyler 0-0: Ground out 1-3 (Groundball, P)
Bottom of the 7th over - 0 run(s), 0 hit(s), 0 error(s), 1 left on base; Kalamazoo 9 - St Charles 6
TOP OF THE 8TH
Kalamazoo Royale with Cheese batting - Pitching for St Charles Sheens : RHP Larry Stewart
Batting: RHB Oliver Lugo 0-0: SINGLE (Groundball, 56D)
Batting: RHB Miguel Encarnación 0-0: Ball
1-0: Foul Ball, location: 2F
1-1: DOUBLE (Groundball, 5L)
Oliver Lugo to third
Batting: LHB Robinson Fernández 0-0: Intentional Walk
Batting: LHB Roberto Sandoval 0-0: Swinging Strike
0-1: Ball
1-1: Ball
2-1: Ball
3-1: Fly out, F9 (Flyball, 9LMF)
Runner from 3rd tags up, SCORES, no throw
Pitching: RHP Augusto Herrera
Batting: LHB Al Mills 0-0: Ball
1-0: Called Strike
1-1: Foul Ball, location: 2F
1-2: Foul Ball, location: 2F
1-2: Ball
2-2: Reached on error, E5 (Groundball, 56)
Miguel Encarnación to third
Robinson Fernández to second
Batting: RHB Run-ming Zhu 0-0: Called Strike
0-1: Ball
1-1: Foul Ball, location: 2F
1-2: SINGLE (Groundball, 56D)
Miguel Encarnación scores
Robinson Fernández to third
Al Mills to second
Batting: LHB António Glaviz 0-0: Called Strike
0-1: Foul Ball, location: 2F
0-2: Strikes out swinging
Batting: RHB Alfredo Cortéz 0-0: Fly out, F8 (Flyball, 8RD)
Top of the 8th over - 2 run(s), 3 hit(s), 1 error(s), 3 left on base; Kalamazoo 11 - St Charles 6
BOTTOM OF THE 8TH
St Charles Sheens batting - Pitching for Kalamazoo Royale with Cheese : RHP António Ojeda
Batting: RHB Kel Pierce 0-0: SINGLE (Groundball, 6) (infield hit)
Batting: RHB Jesús Hernández 0-0: Ball
1-0: Called Strike
1-1: Fly out, F8 (Flyball, 8LD)
Batting: RHB Max Rash 0-0: Ball
1-0: Swinging Strike
1-1: SINGLE (Groundball, 4MD)
Kel Pierce to second
Runner from 2nd tries for 3rd, SAFE, throw made to third
Max Rash to second
Batting: LHB Larry Howard 0-0: Ball
1-0: Ball
2-0: Ball
3-0: Called Strike
3-1: Fly out, F3 (Line Drive, 34)
Batting: LHB Stan Bates 0-0: Ball
1-0: Foul Ball, location: 2F
1-1: Ball
2-1: Ball
3-1: Base on Balls
Pitching: LHP Morgan McDormand
Batting: LHB Marcos Cantú 0-0: Called Strike
0-1: Foul Ball, location: 2F
0-2: Strikes out swinging
Bottom of the 8th over - 0 run(s), 2 hit(s), 0 error(s), 3 left on base; Kalamazoo 11 - St Charles 6
TOP OF THE 9TH
Kalamazoo Royale with Cheese batting - Pitching for St Charles Sheens : RHP Augusto Herrera
Batting: RHB Pedro Rosado 0-0: Ball
1-0: Called Strike
1-1: Foul Ball, location: 2F
1-2: Ball
2-2: Ball
3-2: Base on Balls
Batting: RHB Oliver Lugo 0-0: Ball
Pedro Rosado steals 2nd base
1-0: Called Strike
1-1: Foul Ball, location: 2F
1-2: Strikes out looking
Batting: RHB Miguel Encarnación 0-0: Called Strike
0-1: Ball
1-1: Called Strike
1-2: Foul Ball, location: 2F
1-2: Ball
2-2: Foul Ball, location: 2F
2-2: Ball
3-2: Strikes out swinging
Batting: LHB Robinson Fernández 0-0: Ball
1-0: DOUBLE (Line Drive, 9LS)
Pedro Rosado scores
Batting: LHB Roberto Sandoval 0-0: Ball
1-0: Ball
2-0: DOUBLE (Line Drive, 89D)
Robinson Fernández scores
Batting: LHB Al Mills 0-0: Ball
1-0: Ball
2-0: Ball
3-0: Base on Balls
Batting: RHB Run-ming Zhu 0-0: Swinging Strike
0-1: Swinging Strike
0-2: Strikes out swinging
Top of the 9th over - 2 run(s), 2 hit(s), 0 error(s), 2 left on base; Kalamazoo 13 - St Charles 6
BOTTOM OF THE 9TH
St Charles Sheens batting - Pitching for Kalamazoo Royale with Cheese : LHP Morgan McDormand
Batting: LHB Juan Jose Rojas 0-0: Ball
1-0: Foul Ball, location: 2F
1-1: Ground out U3 (Groundball, 3)
Pitching: RHP Eric Richards
Batting: LHB Gene Cooper 0-0: Ball
1-0: SINGLE (Groundball, 34D)
Batting: RHB Dan Tyler 0-0: Foul Ball, location: 2F
0-1: Ground out 5-3 (Groundball, 5S)
Gene Cooper to second
Batting: RHB Kel Pierce 0-0: Called Strike
0-1: Ball
1-1: Called Strike
1-2: Ball
2-2: Foul Ball, location: 2F
2-2: Foul Ball, location: 2F
2-2: Foul Ball, location: 2F
2-2: SINGLE (Groundball, 25) (infield hit)
Gene Cooper to third
Batting: RHB Jesús Hernández 0-0: Called Strike
0-1: Fly out, F4 (Line Drive, 4)
Bottom of the 9th over - 0 run(s), 2 hit(s), 0 error(s), 2 left on base; Kalamazoo 13 - St Charles 6
Thursday, March 30th, 2017 - OOTP Baseball 17.12 Build 75